 Dungeon Crawl Stone Soup version 0.28-a0-1382-g92835e5c71 (webtiles) character file.

Game seed: 5145480745166400637

134 ragingrage the Skirmisher (level 4, 0/40 HPs)
             Began as a Demigod Wanderer on Jan 1, 2022.
             Slain by a gnoll (2 damage)
             ... on level 6 of the Dungeon.
             The game lasted 00:03:02 (2746 turns).

ragingrage the Skirmisher (Demigod Wanderer)        Turns: 2746, Time: 00:03:03

Health: 0/40       AC:  8    Str: 13    XL:     4   Next: 64%
Magic:  9/9        EV: 11    Int: 17    God:
Gold:   89         SH:  0    Dex: 14    Spells: 5/6 levels left

rFire   . . .      SeeInvis .   l - +0 whip (venom)
rCold   . . .      Faith    .   (no shield)
rNeg    . . .      Spirit   .   d - +0 robe
rPois   .          Reflect  .   (no helmet)
rElec   .          Harm     .   i - +1 cloak
rCorr   .          Rampage  .   (no gloves)
Will    .....                   (no boots)
Stlth   +.........              (no amulet)
HPRegen 0.13/turn               j - ring of wizardry
MPRegen 0.11/turn               k - +4 ring of protection

@: brilliant, attractive
A: high mp 1, forlorn, divine attributes
a: no special abilities


You were on level 6 of the Dungeon.
You visited 1 branch of the dungeon, and saw 4 of its levels.

You collected 89 gold pieces.

Inventory:

Hand Weapons
 l - a +0 whip of venom (weapon)
Missiles
 b - 3 curare-tipped darts
 g - 14 poisoned darts (quivered)
Armour
 d - a +0 robe (worn)
 i - a +1 cloak (worn)
Jewellery
 j - a ring of wizardry (left hand)
 k - a +4 ring of protection (right hand)
Wands
 c - a wand of flame (7)
Scrolls
 f - 4 scrolls of identify
 h - a scroll of magic mapping
Potions
 a - 2 potions of brilliance
 n - a potion of curing {unknown}


   Skills:
 + Level 4.2 Fighting
 - Level 1.7 Throwing
 - Level 1.7 Spellcasting
 + Level 2.9 Transmutations
 - Level 1.7 Evocations


You had 5 spell levels left.
You knew the following spells:

 Your Spells              Type           Power      Damage    Failure   Level
a - Beastly Appendage     Tmut           34%        N/A       2%          1

Your spell library contained the following spells:

 Spells                   Type           Power      Damage    Failure   Level
 Spider Form              Tmut/Pois      9%         N/A       13%         3


Dungeon Overview and Level Annotations

Branches:
Dungeon (3/15)

Annotations:
D:2 Sigmund


Innate Abilities, Weirdness & Mutations

You have an increased reservoir of magic. (+10% MP)
You shall have no god before yourself.
Your divine heritage dramatically boosts your attributes as you level up.


Message History

Unknown command.
An electric eel comes into view.
The killer bee zombie misses you.
The water moccasin zombie bites you but does no damage.
As you read the scroll of magic mapping, it crumbles to dust.
You feel aware of your surroundings.
You sensed 3 altars, and 1 shop/portal.
The killer bee zombie hits you.
The electric eel shoots out a bolt of lightning at you!
The bolt of electricity hits the plant!
The plant begins to die.
The bolt of electricity hits you.
* * * LOW HITPOINT WARNING * * *
The water moccasin zombie closely misses you.
An electric eel comes into view.
Found a fizzy emerald potion.
The electric eel moves out of view.
The killer bee zombie closely misses you.
It was a potion of brilliance.
You feel clever all of a sudden.
The killer bee zombie hits you but does no damage.
Unknown command.
The killer bee zombie hits you.
* * * LOW HITPOINT WARNING * * *
It was a potion of attraction.
You feel attractive to monsters. The adder barely misses you.
The water moccasin zombie is attracted toward you.
The gnoll is attracted toward you. x2
The water moccasin zombie closely misses you.
The gnoll is attracted toward you.
The killer bee zombie is attracted toward you.
The gnoll hits you but does no damage. The water moccasin zombie bites you.
* * * LOW HITPOINT WARNING * * *
The adder bites you.
* * * LOW HITPOINT WARNING * * *
The gnoll is attracted toward you. x2
The gnoll hits you with a +0 spear.
* * * LOW HITPOINT WARNING * * *
The water moccasin zombie is attracted toward you.
The water moccasin zombie bites you but does no damage.
The gnoll hits you from afar with a +0 spear.
You die...

,*,,,,,,,,,,,,,,,**,,,**,,_,,**,,
,**,,,,,,,..,**......**,,^,,,,**,
**,,,*,,>,,.#**#....#*,,,,,,,^,**
**,,*,,,,,,.###....#,^,*##**,,,*
*,,**,,,,,*#.......##,+#.#,*+^**
**,,**,,....#...#....###..#,,***,
,,,**,,,........#........###.,,,,
*,,,*,,,......#.#Z.g.........****
*,,,*,,,......#.@gSo...$.....**
,,8,,,,,........#Zg..........,*
,,,,,,,,........#.ยงยง#.......!,***
<,,,,,,,........#...#......##,,,*
,,,,<,,,.......))...#......#*,,,*
,,,,,,,,..#...##..#..........,,**
,,,,,,,,,,##..*##.......#....,,*
8,,**,,,,**#..,,#..###.######,**
,,*****,,**,,,,...##**..#****,,*


You could see 3 gnolls, an adder, an orc, a water moccasin zombie and a killer
bee zombie.

Vanquished Creatures
  Terence (D:2)
  An orc wizard (D:6)
  2 adders
  A worm (D:3)
  A dart slug (D:3)
  6 orcs
  2 ball pythons (D:1)
  6 endoplasms
  5 giant cockroaches
  3 hobgoblins
  6 kobolds
  A quokka (D:1)
  2 bats
  2 frilled lizards
  9 goblins
  3 rats
51 creatures vanquished.

Vanquished Creatures (others)
  A plant (D:6)
1 creature vanquished.

Grand Total: 52 creatures vanquished

Notes
Turn   | Place    | Note
-------+----------+-------------------------------------------
     0 | D:1      | ragingrage the Demigod Wanderer began the quest for the
                  | Orb.
     0 | D:1      | ragingrage set off with the following items: a +2 dagger, 3
                  | curare-tipped darts, a wand of flame (7), a +0 robe; and
                  | the following spell memorised: Beastly Appendage; and the
                  | following spells available to memorise: Spider Form
     0 | D:1      | Reached XP level 1. HP: 18/18 MP: 5/5
   161 | D:1      | Reached skill level 3 in Fighting
   724 | D:1      | Reached XP level 2. HP: 26/26 MP: 5/7
  1136 | D:2      | Noticed Terence
  1161 | D:2      | Killed Terence
  1162 | D:2      | Reached XP level 3. HP: 7/31 MP: 6/8
  1773 | D:2      | Noticed Sigmund
  2292 | D:3      | Reached XP level 4. HP: 36/40 MP: 9/9
  2441 | D:3      | Reached skill level 4 in Fighting
  2718 | D:3      | You fall into a shaft and drop 3 floors!
  2745 | D:6      | HP: 2/40 [gnoll (3)]
  2746 | D:6      | Slain by a gnoll

Illustrated notes

Levels and vault maps discovered:
D:1:      dpeg_arrival_rhombi, layout_basic
D:2:      layout_basic, ebering_dispersal_statue_hall, minmay_misc_feat_alley,
          uniq_terence, uniq_sigmund
D:3:      layout_loops_ring, nicolae_ru_great_annihilating_truth,
          gup_sewer_entry_bowl, minmay_increasing_density
D:6:      layout_cave_pools, nemelex_spade_bored_becter,
          gammafunk_temple_overflow_pools, chequers_big_river,
          nicolae_stop_n_shop_1

Skill      XL: |  1  2  3  4 |
---------------+-------------+-----
Fighting       | 3 4 |  4.2
Transmutations | 2 |  2.9
Throwing       | |  1.7
Spellcasting   | |  1.7
Evocations     | |  1.7

Action                   |  1- 3 |  4- 6 || total
-------------------------+-------+-------++-------
Melee: Dagger            |    64 |       ||    64
       Kick              |    13 |       ||    13
       Headbutt          |    12 |       ||    12
       Whip              |    33 |    45 ||    78
Throw: Dart              |     4 |       ||     4
 Cast: Beastly Appendage |    17 |       ||    17
  Use: Scroll            |       |     3 ||     3
       Potion            |       |     2 ||     2
 Stab: Sleeping          |     2 |       ||     2
Armor: Robe              |    20 |    26 ||    46
Dodge: Dodged            |    53 |    21 ||    74

Table legend: (Time is in decaauts)
 A = Elapsed time spent in this place.
 B = Non-inter-level travel time spent in this place.
 C = Inter-level travel time spent in this place.
 D = Time resting spent in this place.
 E = Time spent auto-exploring this place.
 F = Levels seen in this place.
 G = Mean time per level.
                   A        B        C        D        E       F      G
               +--------+--------+--------+--------+--------+-----+--------+
         Total |   2751 |   2729 |     22 |    333 |   1922 |   4 |  687.8 |
       Dungeon |   2751 |   2729 |     22 |    333 |   1922 |   4 |  687.8 |
               +--------+--------+--------+--------+--------+-----+--------+

Top non-repeatable levels by time:
     D:1: 1104 daAuts
     D:3: 923 daAuts
     D:2: 695 daAuts
     D:6: 28 daAuts
